 Dungeon Crawl Stone Soup version 0.25-a0-661-g55ea3d2053 (webtiles) character file.

Game seed: 356311475209758883, levelgen mode: deterministic

584809 Kohma the Wrestler (level 26, 0/248 HPs)
             Began as a Troll Monk on Mar 22, 2020.
             Was the Champion of Okawaru.
             Splashed by an acid blob's acid (15 damage)
             ... on level 5 of the Pits of Slime on Mar 23, 2020.
             The game lasted 04:36:39 (66263 turns).

Kohma the Wrestler (Troll Monk)                    Turns: 66263, Time: 04:36:39

Health: 0/248      AC: 28    Str: 33    XL:     26   Next: 4%
Magic:  29/29      EV: 15    Int:  8    God:    Okawaru [******]
Gold:   5135       SH: 31    Dex: 19    Spells: 25/25 levels left

rFire    + + +     SeeInvis +     - Unarmed
rCold    + + .     Gourm    +   W - +6 tower shield {AC+3}
rNeg     + + +     Faith    .   l - +0 gold dragon scales
rPois    +         Spirit   .   z - +1 hat {MR+}
rElec    +         Reflect  +   K - scarf {rC+ rF+}
rCorr    .         Harm     .   (gloves unavailable)
MR       +++..                  (boots unavailable)
Stlth    ..........             L - amulet "Wizuf" {Reflect Dex+6 SH+2}
HPRegen  0.91/turn              Q - ring of Kiahucle {rN+ MR+ Int-2 Slay+2}
MPRegen  0.21/turn              R - ring "Kiubautuzu" {rN++ Int+4 SInv}

@: no status effects
A: large, unfitting armour, claws 3, repulsion field 1, fire resistance 1, fast
metabolism 3, frail 1, gourmand, regeneration 1, shaggy fur 1, electricity
resistance, tough skin 3
}: 3/15 runes: serpentine, barnacled, silver
a: Heroism, Finesse, Renounce Religion


You were on level 5 of the Pits of Slime.
You worshipped Okawaru.
Okawaru was exalted by your worship.
You were full.

You visited 11 branches of the dungeon, and saw 53 of its levels.
You visited the Abyss 1 time.
You also visited: Sewer, Ossuary, Gauntlet, Ice Cave and Wizlab.

You collected 9094 gold pieces.
You spent 3959 gold pieces at shops.

Inventory:

Missiles
 w - 3 throwing nets
 E - 45 silver javelins
 G - 213 large rocks (quivered)
Armour
 l - +0 gold dragon scales (worn)
 z - a +1 hat of magic resistance (worn)
 K - a scarf of resistance (worn)
 W - a +6 tower shield of protection (worn)
Jewellery
 k - an uncursed ring of flight
 L - the amulet "Wizuf" (around neck) {Reflect Dex+6 SH+2}
   (You acquired it on level 11 of the Dungeon)

   [amulet of reflection]

   It shields you and reflects attacks.
   It affects your dexterity (+6).
   It affects your SH (+2).
 Q - the ring of Kiahucle (left claw) {rN+ MR+ Int-2 Slay+2}
   (You found it on level 3 of the Crypt)

   [ring of positive energy]

   It affects your intelligence (-2).
   It affects your accuracy and damage with ranged weapons and melee attacks
   (+2).
   It protects you from negative energy.
   It affects your resistance to hostile enchantments.
 R - the ring "Kiubautuzu" (right claw) {rN++ Int+4 SInv}
   (You took it off a deep elf high priest on level 3 of the Elven Halls)

   [ring of see invisible]

   It affects your intelligence (+4).
   It greatly protects you from negative energy.
   It lets you see invisible.
Wands
 b - a wand of scattershot (13)
 f - a wand of acid (13)
 J - a wand of disintegration (90)
 S - a wand of iceblast (46)
 U - a wand of paralysis (24)
 Y - a wand of digging (11)
Scrolls
 d - 19 scrolls of teleportation
 h - 30 scrolls of remove curse
 j - 3 scrolls of torment
 r - 10 scrolls of fog
 s - 3 scrolls of summoning
 v - 2 scrolls of enchant armour
 y - a scroll of silence
 A - 3 scrolls of fear
 H - 9 scrolls of immolation
 I - 9 scrolls of identify
 T - a scroll of blinking
 X - 13 scrolls of magic mapping
Potions
 c - 4 potions of haste
 g - 6 potions of berserk rage
 i - 7 potions of ambrosia
 n - 21 potions of lignification
 o - 18 potions of curing
 p - 12 potions of flight
 q - 8 potions of stabbing
 x - 7 potions of mutation
 B - 5 potions of brilliance
 C - 8 potions of magic
 D - 2 potions of resistance
 F - 5 potions of cancellation
 M - 2 potions of heal wounds
 P - a potion of invisibility
Miscellaneous
 a - a lightning rod (4/4)
 m - 4 sacks of spiders
 t - a lamp of fire
 N - 2 boxes of beasts
 O - a fan of gales
 V - 2 phantom mirrors
Comestibles
 e - 58 rations


   Skills:
 + Level 18.9 Fighting
 - Level 11.0 Throwing
 - Level 16.0 Armour
 - Level 13.0 Dodging
 - Level 2.4 Stealth
 - Level 15.0 Shields
 + Level 23.6 Unarmed Combat
 - Level 9.0 Invocations
 - Level 10.0 Evocations


You had 25 spell levels left.
You didn't know any spells.
Your spell library contained the following spells:

 Spells                   Type           Power        Failure   Level  Hunger
 Animate Skeleton         Necr           N/A          99%         1    ##.....
 Apportation              Tloc           #.....       99%         1    ##.....
 Corona                   Hex            #......      99%         1    ##.....
 Foxfire                  Conj/Fire      #...         99%         1    ##.....
 Infusion                 Chrm           #...         99%         1    ##.....
 Magic Dart               Conj           #...         99%         1    ##.....
 Sting                    Tmut/Pois      #...         99%         1    ##.....
 Summon Butterflies       Summ           #.......     99%         1    ##.....
 Summon Small Mammal      Summ           #...         99%         1    ##.....
 Blink                    Tloc           N/A          100%        2    ###....
 Call Imp                 Summ           #.......     100%        2    ###....
 Corpse Rot               Necr/Air       N/A          100%        2    ###....
 Ensorcelled Hibernation  Hex/Ice        #.....       100%        2    ###....
 Passwall                 Tmut/Erth      #.......     100%        2    ###....
 Poisonous Vapours        Pois/Air       #.....       100%        2    ###....
 Searing Ray              Conj           #.....       100%        2    ###....
 Shroud of Golubria       Chrm/Tloc      #.....       100%        2    ###....
 Song of Slaying          Chrm           #.......     100%        2    ###....
 Call Canine Familiar     Summ           #.......     100%        3    ####...
 Confusing Touch          Hex            #.......     100%        3    ####...
 Conjure Flame            Conj/Fire      #.......     100%        3    ####...
 Dazzling Flash           Conj/Hex       #.....       100%        3    ####...
 Gell's Gravitas          Tloc           #.........   100%        3    ####...
 Ignite Poison            Fire/Tmut/Pois #.......     100%        3    ####...
 Lesser Beckoning         Tloc           #.........   100%        3    ####...
 Mephitic Cloud           Conj/Pois/Air  #.......     100%        3    ####...
 Ozocubu's Armour         Chrm/Ice       #.......     100%        3    ####...
 Portal Projectile        Hex/Tloc       #.....       100%        3    ####...
 Spectral Weapon          Hex/Chrm       #.......     100%        3    ####...
 Spider Form              Tmut/Pois      #.........   100%        3    ####...
 Static Discharge         Conj/Air       #.......     100%        3    ####...
 Stone Arrow              Conj/Erth      #.....       100%        3    ####...
 Summon Guardian Golem    Hex/Summ       #.......     100%        3    ####...
 Teleport Other           Tloc           #.......     100%        3    ####...
 Tukima's Dance           Hex            #.......     100%        3    ####...
 Fulminant Prism          Conj/Hex       #.........   100%        4    #####..
 Hailstorm                Conj/Ice       #.......     100%        4    #####..
 Ice Form                 Ice/Tmut       #.......     100%        4    #####..
 Iskenderun's Mystic Bla  Conj/Tloc      #.......     100%        4    #####..
 Leda's Liquefaction      Hex/Erth       #.........   100%        4    #####..
 Olgreb's Toxic Radiance  Pois           #.......     100%        4    #####..
 Passage of Golubria      Tloc           N/A          100%        4    #####..
 Petrify                  Tmut/Erth      #.......     100%        4    #####..
 Summon Ice Beast         Ice/Summ       #.......     100%        4    #####..
 Summon Lightning Spire   Summ/Air       #.......     100%        4    #####..
 Alistair's Intoxication  Tmut/Pois      #.......     100%        5    ######.
 Blade Hands              Tmut           #.........   100%        5    ######.
 Bolt of Magma            Conj/Fire/Erth #.........   100%        5    ######.
 Excruciating Wounds      Chrm/Necr      #.........   100%        5    ######.
 Irradiate                Conj/Tmut      #.........   100%        5    ######.
 Iskenderun's Battlesphe  Conj/Chrm      #.......     100%        5    ######.
 Lee's Rapid Deconstruct  Erth           #.........   100%        5    ######.
 Lightning Bolt           Conj/Air       #.........   100%        5    ######.
 Metabolic Englaciation   Hex/Ice        #.........   100%        5    ######.
 Silence                  Hex/Air        #.........   100%        5    ######.
 Summon Forest            Summ/Tloc      #.........   100%        5    ######.
 Yara's Violent Unravell  Hex/Tmut       #.........   100%        5    ######.
 Conjure Ball Lightning   Conj/Air       #.........   100%        6    #######
 Deflect Missiles         Chrm/Air       #.........   100%        6    #######
 Dispersal                Tloc           #.........   100%        6    #######
 Eringya's Noxious Bog    Tmut/Pois      #.........   100%        6    #######
 Freezing Cloud           Conj/Ice/Air   #.........   100%        6    #######
 Hydra Form               Tmut           #.........   100%        6    #######
 Invisibility             Hex            #.......     100%        6    #######
 Iron Shot                Conj/Erth      #.........   100%        6    #######
 Ozocubu's Refrigeration  Ice            #.........   100%        6    #######
 Simulacrum               Ice/Necr       #.........   100%        6    #######
 Statue Form              Tmut/Erth      #........    100%        6    #######
 Dragon Form              Tmut           #.........   100%        7    #######
 Haunt                    Necr/Summ      #.........   100%        7    #######
 Malign Gateway           Summ/Tloc      #.........   100%        7    #######
 Monstrous Menagerie      Summ           #.........   100%        7    #######
 Orb of Destruction       Conj           #.........   100%        7    #######
 Spellforged Servitor     Conj/Summ      #.........   100%        7    #######
 Summon Greater Demon     Summ           #.........   100%        7    #######
 Summon Hydra             Summ           #.........   100%        7    #######
 Borgnjor's Revivificati  Necr           #.........   100%        8    #######
 Controlled Blink         Tloc           N/A          100%        8    #######
 Death's Door             Chrm/Necr      #.........   100%        8    #######
 Ignition                 Fire           #.........   100%        8    #######
 Infestation              Necr           #.........   100%        8    #######
 Necromutation            Tmut/Necr      #.........   100%        8    #######
 Summon Horrible Things   Summ           #.........   100%        8    #######
 Shatter                  Erth           #.........   100%        9    #######
 Tornado                  Air            #.........   100%        9    #######


Dungeon Overview and Level Annotations

Branches:
Dungeon (15/15)            Temple (1/1) D:7            Lair (6/6) D:11
 Shoals (4/4) Lair:4        Snake (4/4) Lair:3        Slime (5/5) Lair:6
    Orc (2/2) D:9             Elf (3/3) Orc:2        Vaults (5/5) D:13
  Crypt (3/3) Vaults:3       Tomb (0/3) Crypt:3      Depths (5/5) D:15
    Zot (0/5) Depths:5      Sewer (visited)         Ossuary (visited)
  IceCv (visited)          WizLab (visited)         Gauntlet (visited)

Altars:
Ashenzari
Cheibriados
Dithmenos
Elyvilon
Fedhas
Gozag
Hepliaklqana
Kikubaaqudgha
Makhleb
Nemelex Xobeh
Okawaru
Qazlal
Ru
Sif Muna
Trog
Uskayaw
Vehumet
Wu Jian
Xom
Yredelemnul
Zin
The Shining One
Beogh
Jiyva
Lugonu

Shops:
D:4 *   D:11 :   Orc:2 [([:*   Elf:1 ?}[*   Elf:2 =[(   Snake:2 (   Vaults:3 (
Vaults:4 %

Portals:
Hell: Depths:1 Depths:2 Depths:3 Depths:4 Depths:5
Abyss: Depths:4 Depths:5
Pandemonium: Depths:3
Ziggurat: Depths:4
Trove: Depths:2 (give 7 potions of haste)

Annotations:
Depths:1 3 runed translucent doors, exclusion: 3 doors, Byigapiw's ghost, legendary FoAK; Guamud's ghost, veteran MiFi
Depths:4 exclusion: eye of devastation


Innate Abilities, Weirdness & Mutations

You are too large for most types of armour.
You have claws for hands.
Your metabolism is lightning-fast.
You like to eat raw meat.
Your natural rate of healing is unusually fast.
You are covered in fur. (AC +1)
You have extremely tough skin. (AC +3)
You are surrounded by a mild repulsion field. (EV +2)
Your flesh is heat resistant. (rF+)
You are frail. (-10% HP)
You are resistant to electric shocks. (rElec)


Message History

Okawaru accepts your kill.
Okay, then.
The acid blob spits acid at you. The splash of acid hits you!
* * * LOW HITPOINT WARNING * * *
You are splashed with acid!
* * * LOW HITPOINT WARNING * * *
The acid blob spits acid at you. The splash of acid hits you!
* * * LOW HITPOINT WARNING * * *
The acid corrodes you!
You are splashed with acid!
* * * LOW HITPOINT WARNING * * *
Your magical effects are unravelling.
You feel magically purged.
You are no longer corroded.
The acid blob spits acid at you. The splash of acid hits you.
* * * LOW HITPOINT WARNING * * *
You are splashed with acid!
You die...

................##
.................#
.................###
...................#
...................###
.....................##
.......................
.......@....J..........
..###..................
##.................
##................
###..............
##.............
#...............
#.^.............
#...............


You could see an acid blob.

Vanquished Creatures
  2 ancient liches (Crypt:3)
  A juggernaut (Depths:2)
  Sojobo (Crypt:3)
  Saint Roka (Depths:5)
  Bai Suzhen (Elf:3)
  2 caustic shrikes
  5 golden dragons
  2 bone dragons
  The ghost of Owio the Warrior, an adept MiGl of Okawaru (Vaults:2)
  An electric golem (WizLab)
  The ghost of Viusuagh the Fencer, an adept MiSk of Cheibriados (Vaults:2)
  The ghost of Viusuagh the Fencer, an adept MiSk of Cheibriados (Vaults:2)
  The ghost of Vusucy the Earth Mage, an adept GrEE of Sif Muna (Vaults:2)
  The ghost of Vusucy the Earth Mage, an adept GrEE of Sif Muna (Vaults:2)
  Jorgrun (Orc:1)
  The ghost of Oqaxass the Demonologist, an adept BaSu of Sif Muna (Vaults:2)
  7 liches
  A titan (Vaults:5)
  The ghost of Esootuin the Fencer, an adept HOMo of Beogh (Vaults:2)
  Asterion (Elf:2)
  4 deep elf blademasters
  5 acid blobs
  Agnes (D:14)
  An ancient champion (Crypt:2)
  Gastronok (Orc:1)
  5 sphinxes
  A shadow dragon (Vaults:5)
  6 tengu reavers
  Roxanne (Shoals:1)
  2 azure jellies
  Donald (Shoals:3)
  Ilsuiw (Shoals:2)
  A revenant (Crypt:2)
  2 storm dragons
  12 nagarajas
  8 frost giants
  The ghost of Lofupn the Imperceptible, an adept SpEn of Wu Jian (Vaults:2)
  The ghost of Lofupn the Imperceptible, an adept SpEn of Wu Jian (Vaults:2)
  16 fire giants
  A draconian scorcher (Depths:5)
  8 deep elf sorcerers
  8 vault wardens
  A draconian knight (Depths:5)
  2 iron dragons
  A curse skull (Crypt:3)
  Aizul (Snake:1)
  4 ghouls
  4 deep elf elementalists
  2 orc warlords
  8 war gargoyles
  31 stone giants
  4 spriggan defenders
  19 ironheart preservers
  14 very ugly things
  9 vampire knights
  2 entropy weavers
  A green draconian (Depths:5)
  A red draconian (Depths:5)
  A dire elephant (D:15)
  2 yellow draconians (Depths:5)
  7 deep elf annihilators (Elf:3)
  A purple draconian (Depths:5)
  A lorocyproca (Depths:3)
  2 white draconians (Depths:5)
  A minotaur (Gauntlet)
  5 spark wasps
  A spark wasp (shapeshifter) (Depths:3)
  17 ettins
  Snorg (D:11)
  9 merfolk impalers
  11 deep elf death magi
  6 merfolk javelineers
  3 crystal guardians
  16 fire dragons
  2 eidola
  15 ogre magi
  Josephine (D:15)
  7 jiangshi
  3 rakshasas
  12 yaktaur captains
  7 deep elf high priests
  3 quicksilver dragon zombies
  10 hydras
  9 ice dragons
  30 vault guards
  9 naga warriors
  8 great orbs of eyes
  A quicksilver dragon skeleton (Crypt:1)
  2 spriggan air magi
  An ice dragon (shapeshifter) (Depths:4)
  17 anacondas
  6 death knights
  6 merfolk avatars
  7 merfolk aquamancers
  42 two-headed ogres
  12 deep troll shamans
  10 centaur warriors
  An alligator snapping turtle (Shoals:4)
  26 dancing weapons
  3 death yaks (IceCv)
  A titan zombie (Crypt:3)
  8 deep troll earth magi
  4 orc high priests (Orc:2)
  5 tengu warriors
  5 shock serpents
  12 spriggan berserkers
  4 vampire magi
  12 naga sharpshooters
  13 spriggans
  Sonja (Lair:1)
  21 hell knights
  19 deep elf knights
  An iron golem (WizLab)
  A fire crab (shapeshifter) (Depths:5)
  A ghost moth zombie (Crypt:3)
  A sixfirhy (Depths:3)
  4 iron trolls
  4 soul eaters
  3 salamander mystics
  A shadow wraith (Vaults:4)
  32 skeletal warriors
  3 unseen horrors
  30 deep trolls
  An anaconda zombie (Crypt:3)
  10 sea snakes
  8 deep elf archers
  3 flayed ghosts
  A deep troll (shapeshifter) (Vaults:1)
  6 naga ritualists
  A lindwurm (Lair:3)
  5 mana vipers
  A golden dragon skeleton (Crypt:3)
  17 ironbrand convokers
  3 glowing orange brains
  10 orc knights
  8 necromancers
  2 wizards
  An iron dragon zombie (Crypt:1)
  14 harpies
  A wolf spider (Vaults:2)
  A wolf spider zombie (D:13)
  3 stone giant zombies
  5 orc sorcerers
  7 phantasmal warriors
  8 salamanders
  2 shining eyes
  A frost giant zombie (Crypt:3)
  A fire giant zombie (Vaults:1)
  93 ugly things
  6 cyclopes
  4 fauns (Shoals:1)
  7 manticores
  52 deep elf magi
  8 elephants
  An iron dragon skeleton (Crypt:2)
  A toenail golem (WizLab)
  13 guardian serpents (Snake:4)
  8 merfolk sirens
  10 naga magi
  A guardian serpent (shapeshifter) (Elf:3)
  A titan simulacrum (Crypt:1)
  A salamander (shapeshifter) (Vaults:3)
  8 water nymphs
  17 black mambas
  12 vault sentinels
  2 eyes of devastation (Slime:4)
  9 gargoyles
  A dire elephant zombie (Crypt:2)
  An ice statue (IceCv)
  An orange demon (Depths:3)
  5 spectral swamp worms
  3 smoke demons
  Maggie (D:6)
  A dire elephant skeleton (Crypt:1)
  A minotaur zombie (Gauntlet)
  A komodo dragon (Lair:6)
  A hellion (Gauntlet)
  23 spiny frogs
  5 kobold demonologists
  26 yaktaurs
  An efreet (D:13)
  A rime drake (shapeshifter) (Depths:3)
  4 rime drakes
  11 freezing wraiths
  2 tengu conjurers
  A jumping spider (Vaults:3)
  2 hydra zombies
  5 red devils (Crypt:3)
  2 wind drakes (shapeshifter)
  25 merfolk
  10 trolls
  17 hornets
  10 wind drakes
  2 bog bodies (Crypt:1)
  A meliai (shapeshifter) (Vaults:1)
  A hornet (shapeshifter) (Vaults:2)
  14 polar bears (IceCv)
  3 tyrant leeches (Lair:6)
  2 hydra skeletons
  A blink frog (shapeshifter) (D:13)
  A slime creature (shapeshifter) (Depths:4)
  A snapping turtle (shapeshifter) (Depths:2)
  19 blink frogs
  6 dream sheep
  37 slime creatures
  A centaur simulacrum (D:13)
  2 ettin zombies
  An ice dragon zombie (Crypt:3)
  2 alligator zombies
  A dream sheep (shapeshifter) (Depths:4)
  15 hippogriffs
  7 snapping turtles
  A redback (Vaults:3)
  19 water elementals
  A fire dragon skeleton (Crypt:3)
  An ice dragon skeleton (Crypt:3)
  7 shadows
  56 yaks
  4 air elementals
  A tarantella (Vaults:3)
  18 flying skulls (D:14)
  3 vampires (Crypt:3)
  2 wyverns
  A spriggan (shapeshifter) (Depths:3)
  3 fire elementals (Elf:2)
  2 humans (shapeshifter)
  2 steam dragons
  2 basilisks
  11 wraiths
  A golden eye (shapeshifter) (Vaults:3)
  6 hungry ghosts
  A chaos spawn (Gauntlet)
  A warg (shapeshifter) (Elf:3)
  19 vampire mosquitoes
  5 wargs
  An elf skeleton (Vaults:1)
  A hell hound (Gauntlet)
  A soldier ant (shapeshifter) (D:15)
  An acid dragon (D:15)
  A soldier ant (D:14)
  43 nagas
  15 water moccasins
  A swamp worm (shapeshifter) (Vaults:3)
  6 porcupines
  2 spiny frog zombies
  A floating eye (Depths:2)
  12 ice beasts
  A floating eye (shapeshifter) (Depths:3)
  4 phantoms
  A sky beast (D:7)
  A snapping turtle zombie (Crypt:2)
  4 necrophages
  A hornet zombie (Vaults:1)
  32 ogres
  43 orc warriors
  A swamp dragon zombie (Crypt:1)
  2 eyes of draining
  6 boggarts
  24 wolves
  A blink frog skeleton (Crypt:1)
  25 centaurs
  13 crocodiles
  A snapping turtle skeleton (Crypt:2)
  A swamp dragon skeleton (Crypt:3)
  A big kobold (shapeshifter) (D:13)
  A hippogriff zombie (Crypt:2)
  Blork the orc (D:4)
  11 big kobolds
  31 bullfrogs
  6 earth elementals (WizLab)
  A water moccasin zombie (D:6)
  2 wyvern skeletons (D:14)
  4 scorpions
  A killer bee (D:8)
  2 electric eels (Lair:6)
  20 wights
  A howler monkey (D:5)
  5 centaur zombies
  5 crimson imps
  A human zombie (Crypt:3)
  7 bullfrog zombies
  3 centaur skeletons
  7 hounds
  15 orc priests
  Crazy Yiuf (D:4)
  3 bullfrog skeletons
  7 jellies
  20 orc wizards
  3 iguanas
  Terence (D:2)
  5 hell rats (Lair:5)
  16 worker ants
  A naga zombie (Crypt:2)
  A felid skeleton (Crypt:2)
  2 hound zombies
  4 hound skeletons
  8 mummies (Ossuary)
  Robin (D:3)
  A howler monkey zombie (D:2)
  A worker ant zombie (D:6)
  7 gnolls
  A howler monkey skeleton (D:8)
  4 river rats
  8 adders
  4 shadow imps
  A white imp (Depths:1)
  2 oozes (Sewer)
  A worm zombie (Crypt:1)
  3 adder skeletons
  A worm (Sewer)
  A barachi skeleton (Crypt:2)
  A lava snake skeleton (Crypt:1)
  10 leopard geckos
  71 orcs
  3 bats (D:2)
  7 giant cockroaches
  2 gnoll zombies (Ossuary)
  21 goblins
  8 hobgoblins
  17 jackals
  4 quokkas
  2 ball pythons (Sewer)
  3 frilled lizards
  A frilled lizard skeleton (Crypt:1)
  A giant cockroach zombie (D:6)
  A hobgoblin skeleton (Crypt:1)
  3 hobgoblin zombies (Ossuary)
  A jackal skeleton (Crypt:2)
  29 kobolds
  2 kobold zombies (Ossuary)
  A leopard gecko skeleton (D:8)
  An orc zombie (Ossuary)
  2 quokka skeletons
  12 rats
  4 fungi
  9 plants
2258 creatures vanquished.

Vanquished Creatures (collateral kills)
  A deep elf elementalist (Elf:3)
  A deep elf death mage (Elf:3)
  A merfolk (Shoals:2)
3 creatures vanquished.

Vanquished Creatures (others)
  A deep elf master archer (Elf:3)
  A nagaraja (Snake:3)
  4 stone giants
  An eidolon (Crypt:2)
  2 yaktaur captains
  A centaur warrior (Depths:1)
  An ogre mage (Vaults:1)
  3 naga sharpshooters
  2 deep elf knights (Elf:2)
  3 deep elf archers
  3 cyclopes
  3 deep elf magi
  7 yaktaurs
  A polar bear (IceCv)
  A water elemental (Shoals:2)
  2 yaks (IceCv)
  A naga (Snake:4)
  3 orc warriors
  2 wolves (IceCv)
  A bush (Lair:6)
  14 demonic plants (Gauntlet)
  19 fungi
  40 plants
  7 withered plants (Crypt:3)
123 creatures vanquished.

Grand Total: 2384 creatures vanquished

Notes
Turn   | Place    | Note
-------+----------+-------------------------------------------
     0 | D:1      | Kohma the Troll Monk began the quest for the Orb.
     0 | D:1      | Reached XP level 1. HP: 22/22 MP: 0/0
   208 | D:1      | Reached XP level 2. HP: 29/29 MP: 1/1
   926 | D:2      | Reached XP level 3. HP: 36/36 MP: 2/2
  1135 | D:2      | Noticed Terence
  1143 | D:2      | Killed Terence
  1143 | D:2      | Reached skill level 4 in Unarmed Combat
  1244 | D:2      | Reached XP level 4. HP: 44/44 MP: 3/3
  1614 | D:3      | Found an iron altar of Okawaru.
  1617 | D:3      | Became a worshipper of Warmaster Okawaru
  1617 | D:3      | Reached * piety under Okawaru
  1617 | D:3      | Reached ** piety under Okawaru
  1850 | D:3      | Found a hide-covered altar of Uskayaw.
  1967 | D:3      | Reached skill level 1 in Throwing
  2407 | D:4      | Noticed Robin
  2411 | D:3      | Killed Robin
  2702 | D:4      | Reached XP level 5. HP: 50/50 MP: 4/4
  2770 | D:4      | Found Uzoleste's General Store.
  2810 | D:4      | Reached skill level 5 in Unarmed Combat
  2830 | D:4      | Bought a scroll of identify for 28 gold pieces
  2830 | D:4      | Bought a scroll of blinking for 105 gold pieces
  2872 | D:4      | Found a shattered altar of Ashenzari.
  2872 | D:4      | Noticed an ogre
  2881 | D:4      | Killed an ogre
  2881 | D:4      | Reached skill level 1 in Invocations
  2881 | D:4      | Reached skill level 1 in Evocations
  2881 | D:4      | Reached XP level 6. HP: 59/59 MP: 5/5
  2916 | D:4      | Found a runed translucent door.
  2917 | D:4      | Noticed Crazy Yiuf
  2923 | D:4      | Killed Crazy Yiuf
  3215 | D:4      | Noticed Blork the orc
  3229 | D:4      | Killed Blork the orc
  3229 | D:4      | Reached XP level 7. HP: 45/66 MP: 7/7
  3306 | D:5      | Entered Level 5 of the Dungeon
  3308 | D:5      | Reached skill level 6 in Unarmed Combat
  3715 | D:5      | Found a hazy altar of Hepliaklqana.
  3813 | D:5      | Reached *** piety under Okawaru
  3813 | D:5      | Reached skill level 7 in Unarmed Combat
  4106 | D:6      | Found a glowing drain.
  4140 | Sewer    | Entered a sewer
  4231 | Sewer    | Reached skill level 8 in Unarmed Combat
  4231 | Sewer    | Reached XP level 8. HP: 73/73 MP: 8/8
  4564 | D:6      | Noticed Maggie
  4575 | D:6      | Killed Maggie
  4575 | D:6      | Received a gift from Okawaru
  4575 | D:6      | Reached skill level 9 in Unarmed Combat
  4708 | D:6      | Found a basalt altar of Yredelemnul.
  4783 | D:6      | Reached skill level 10 in Unarmed Combat
  4849 | D:6      | Reached skill level 1 in Armour
  5035 | D:6      | Reached XP level 9. HP: 73/79 MP: 9/9
  5335 | D:7      | Found a sand-covered staircase.
  5354 | Ossuary  | Entered an ossuary
  5505 | Ossuary  | Reached **** piety under Okawaru
  5947 | D:7      | Found a staircase to the Ecumenical Temple.
  5976 | Temple   | Entered the Ecumenical Temple
  6565 | D:8      | Reached ***** piety under Okawaru
  6614 | D:8      | Received a gift from Okawaru
  6614 | D:8      | Reached skill level 5 in Throwing
  6624 | D:8      | Reached XP level 10. HP: 92/93 MP: 10/10
  6634 | D:8      | Reached skill level 5 in Fighting
  7209 | D:8      | Found a glowing golden altar of the Shining One.
  7698 | D:9      | Found a hide-covered altar of Uskayaw.
  8142 | D:9      | Reached skill level 11 in Unarmed Combat
  8406 | D:9      | Found a staircase to the Orcish Mines.
  8521 | D:9      | Noticed a three-headed hydra
  8559 | D:9      | HP: 3/99 [three-headed hydra (32)]
  8910 | D:9      | Noticed a two-headed ogre
  8920 | D:9      | Killed a two-headed ogre
  8949 | D:9      | Found an opulent altar of Gozag.
  9123 | D:9      | Found an ornate altar of the Wu Jian Council.
  9162 | D:9      | Found a shimmering blue altar of Sif Muna.
  9199 | D:9      | Killed a three-headed hydra
  9199 | D:9      | Reached ****** piety under Okawaru
  9199 | D:9      | Received a gift from Okawaru
  9199 | D:9      | Reached XP level 11. HP: 84/108 MP: 13/13
  9273 | D:10     | Entered Level 10 of the Dungeon
  9398 | D:10     | Noticed a two-headed ogre
  9407 | D:10     | Killed a two-headed ogre
  9797 | D:10     | Killed an unseen horror
  9797 | D:10     | Received a gift from Okawaru
  9797 | D:10     | Reached skill level 12 in Unarmed Combat
  9813 | D:10     | Reached skill level 5 in Invocations
 10103 | D:11     | Noticed Snorg
 10127 | D:11     | Killed Snorg
 10221 | D:11     | Identified a scroll of acquirement
 10221 | D:11     | Identified the amulet "Wizuf" {Reflect Dex+6 SH+2} (You
                  | acquired it on level 11 of the Dungeon)
 10238 | D:11     | Received a gift from Okawaru
 10441 | D:11     | Noticed a two-headed ogre
 10448 | D:11     | Killed a two-headed ogre
 10628 | D:11     | Noticed a seven-headed hydra
 10631 | D:11     | Killed a seven-headed hydra
 10653 | D:11     | Killed an unseen horror
 10660 | D:11     | Found a shimmering blue altar of Sif Muna.
 10694 | D:11     | Reached skill level 13 in Unarmed Combat
 10719 | D:11     | Found Gorghioti's Book Boutique.
 10784 | D:11     | Found a staircase to the Lair.
 10784 | D:11     | Noticed a fire dragon
 10943 | D:11     | Killed a fire dragon
 10943 | D:11     | Reached XP level 12. HP: 70/122 MP: 14/14
 11235 | Lair:1   | Entered Level 1 of the Lair of Beasts
 11361 | Lair:1   | Noticed Sonja
 11494 | Lair:1   | Killed Sonja
 12223 | Lair:2   | Found a gate leading to a gauntlet.
 12232 | Gauntlet | Entered a Gauntlet
 12232 | Gauntlet | Found a transporter.
 12244 | Gauntlet | Found a transporter.
 12251 | Gauntlet | Found a transporter.
 12266 | Gauntlet | Found a transporter.
 12271 | Gauntlet | Found a transporter.
 12296 | Gauntlet | Found a transporter.
 12305 | Gauntlet | Found a transporter.
 12313 | Gauntlet | Noticed a death yak
 12313 | Gauntlet | Noticed a death yak
 12313 | Gauntlet | Noticed a death yak
 12315 | Gauntlet | Noticed a death yak
 12317 | Gauntlet | Found a transporter.
 12325 | Gauntlet | Noticed a four-headed hydra
 12329 | Gauntlet | Found a transporter.
 12341 | Gauntlet | Found a transporter.
 12353 | Gauntlet | Found a transporter.
 12353 | Gauntlet | Noticed a blizzard demon
 12370 | Gauntlet | Found a transporter.
 12388 | Gauntlet | Found a transporter.
 12390 | Gauntlet | Found a transporter.
 12417 | Gauntlet | Found a transporter.
 12495 | Gauntlet | Found a transporter.
 12515 | Gauntlet | Found a transporter.
 12827 | Gauntlet | Found a transporter.
 12922 | Gauntlet | Got a dazzling hat
 12928 | Gauntlet | Identified the +3 hat "Ocoi" {Regen+ Str+3 Int+3 Dex-4}
                  | (You found it in a Gauntlet)
 13004 | Gauntlet | Identified the ring of Iquugg {Wiz Str+4}
 13004 | Gauntlet | Noticed a minotaur
 13013 | Gauntlet | Killed a minotaur
 13013 | Gauntlet | Received a gift from Okawaru
 13023 | Gauntlet | Identified the Reference Book on Burning Ice
 13038 | Gauntlet | Reached skill level 10 in Fighting
 13211 | Lair:2   | Reached skill level 14 in Unarmed Combat
 13925 | Lair:3   | Received a gift from Okawaru
 13956 | Lair:3   | Found a dark tunnel.
 14253 | Lair:3   | Received a gift from Okawaru
 14305 | Lair:3   | Found a staircase to the Snake Pit.
 14350 | Lair:3   | Noticed a six-headed hydra
 14359 | Lair:3   | Killed a seven-headed hydra
 14359 | Lair:3   | Reached skill level 1 in Shields
 14359 | Lair:3   | Reached XP level 13. HP: 100/136 MP: 15/15
 14906 | Lair:4   | Got a flickering jade amulet
 14911 | Lair:4   | Identified the amulet of Uskayaw's Delight {Reflect *Slow
                  | rElec Str+4 SH+4} (You found it on level 4 of the Lair of
                  | Beasts)
 15012 | Lair:4   | You fall into a shaft and drop 2 floors!
 15012 | Lair:6   | Entered Level 6 of the Lair of Beasts
 15087 | Lair:6   | Reached skill level 15 in Unarmed Combat
 15207 | Lair:4   | Found a staircase to the Shoals.
 15404 | Lair:4   | Identified the ring of Mimum {AC+2 Int+2} (You acquired it
                  | on level 4 of the Lair of Beasts)
 15982 | Lair:5   | Reached skill level 5 in Shields
 16419 | Lair:6   | Received a gift from Okawaru
 16419 | Lair:6   | Reached skill level 5 in Armour
 16586 | Lair:6   | Got a shimmering hat {god gift}
 16670 | Lair:5   | Identified the +4 hat "Lolo" {rPois Str+6} (Okawaru gifted
                  | it to you on level 6 of the Lair of Beasts)
 17180 | Lair:6   | Found a runed translucent door.
 17181 | Lair:6   | Found a viscous altar of Jiyva.
 17181 | Lair:6   | Noticed an acid blob
 17182 | Lair:6   | Found a staircase to the Slime Pits.
 17298 | Lair:6   | Reached XP level 14. HP: 135/144 MP: 16/16
 17568 | Lair:6   | Received a gift from Okawaru
 18376 | Lair:6   | Found a runed translucent door.
 18378 | Lair:6   | Found a viscous altar of Jiyva.
 18378 | Lair:6   | Found a staircase to the Slime Pits.
 18751 | Snake:1  | Entered Level 1 of the Snake Pit
 18791 | Snake:1  | Noticed Aizul
 18810 | Snake:1  | Killed Aizul
 19506 | Snake:2  | Received a gift from Okawaru
 19804 | Snake:2  | Found Lejoapnel's Antique Weapon Emporium.
 19885 | Snake:2  | Noticed a nagaraja
 19898 | Snake:2  | Killed a nagaraja
 19960 | Snake:2  | Noticed a nagaraja
 19969 | Snake:2  | Noticed a nagaraja
 19976 | Snake:2  | Noticed a nagaraja
 19986 | Snake:2  | Killed a nagaraja
 19986 | Snake:2  | Received a gift from Okawaru
 20325 | Snake:2  | Killed a nagaraja
 20847 | Snake:3  | Reached skill level 10 in Armour
 21134 | Snake:3  | Noticed a nagaraja
 21142 | Snake:3  | Killed a nagaraja
 21144 | Snake:3  | Noticed a nagaraja
 21166 | Snake:3  | Reached XP level 15. HP: 145/152 MP: 17/17
 21649 | Snake:3  | Received a gift from Okawaru
 21806 | Snake:4  | Entered Level 4 of the Snake Pit
 22126 | Snake:4  | Reached skill level 10 in Shields
 22134 | Snake:4  | Received a gift from Okawaru
 22201 | Snake:4  | Reached skill level 5 in Evocations
 22499 | Snake:4  | Reached skill level 16 in Unarmed Combat
 22588 | Snake:4  | Noticed a nagaraja
 23175 | Snake:4  | Killed a nagaraja
 23175 | Snake:4  | Received a gift from Okawaru
 23429 | Snake:4  | Noticed a nagaraja
 23429 | Snake:4  | Noticed a nagaraja
 23462 | Snake:4  | Received a gift from Okawaru
 23463 | Snake:4  | Got a shimmering triple crossbow {god gift}
 23714 | Snake:4  | Killed a nagaraja
 23783 | Snake:4  | Received a gift from Okawaru
 23819 | Snake:4  | Noticed a nagaraja
 23820 | Snake:4  | Noticed a nagaraja
 24070 | Snake:4  | Killed a nagaraja
 24070 | Snake:4  | Noticed a nagaraja
 24071 | Snake:4  | Noticed a nagaraja
 24072 | Snake:4  | Noticed a nagaraja
 24182 | Snake:4  | Killed a nagaraja
 24182 | Snake:4  | Reached XP level 16. HP: 156/163 MP: 18/18
 24822 | Snake:4  | Reached skill level 17 in Unarmed Combat
 25069 | Snake:4  | Got a serpentine rune of Zot
 26009 | D:12     | Received a gift from Okawaru
 26015 | D:12     | Found a frozen archway.
 26033 | D:12     | Got an opalescent robe {god gift}
 26078 | D:12     | Identified the +2 robe "Asepnyehy" {Int+4} (Okawaru gifted
                  | it to you on level 12 of the Dungeon)
 26088 | IceCv    | Entered an ice cave
 27221 | D:12     | Found a corrupted altar of Lugonu.
 27915 | D:13     | Found a gate to the Vaults.
 27992 | D:13     | Found a sparkling altar of Nemelex Xobeh.
 28482 | D:14     | Found a shimmering blue altar of Sif Muna.
 28597 | D:14     | Found the +3 giant club "Skullcrusher" {speed, Str+7}
 28652 | D:14     | Noticed Agnes
 28664 | D:14     | Killed Agnes
 28664 | D:14     | Received a gift from Okawaru
 28722 | D:14     | Identified the +6 fustibalus "Quwintu" {flame, rC+ rN+
                  | Str+3} (Okawaru gifted it to you on level 14 of the
                  | Dungeon)
 28847 | D:14     | Reached XP level 17. HP: 175/175 MP: 19/19
 29213 | D:15     | Entered Level 15 of the Dungeon
 29213 | D:15     | Noticed Josephine
 29222 | D:15     | Killed Josephine
 29571 | D:15     | Reached skill level 18 in Unarmed Combat
 29810 | D:15     | Received a gift from Okawaru
 29927 | D:15     | Found a staircase to the Depths.
 30375 | Orc:1    | Entered Level 1 of the Orcish Mines
 30424 | Orc:2    | Entered Level 2 of the Orcish Mines
 30424 | Orc:2    | Found Laczanekh's General Store.
 30424 | Orc:2    | Found Suwaodd's Book Shoppe.
 30468 | Orc:2    | Found Vadeud's Antique Weapon Shop.
 30611 | Orc:1    | Noticed Jorgrun
 30614 | Orc:1    | Noticed Gastronok
 30624 | Orc:1    | Killed Jorgrun
 30631 | Orc:1    | Killed Gastronok
 31098 | Orc:2    | Found Olothuir's Antique Armour Emporium.
 31211 | Orc:2    | Bought a scroll of fear for 52 gold pieces
 31211 | Orc:2    | Bought a sack of spiders for 300 gold pieces
 31231 | Orc:2    | Found a staircase to the Elven Halls.
 31303 | Orc:2    | Found Firhaorr's Armour Boutique.
 31563 | Orc:2    | Found a bloodstained altar of Trog.
 31857 | Elf:1    | Entered Level 1 of the Elven Halls
 31860 | Elf:1    | Found Cemubiza's Magic Scroll Boutique.
 31861 | Elf:1    | Found Fethub's Antique Armour Shop.
 31861 | Elf:1    | Found Josoq's Gadget Boutique.
 31874 | Elf:1    | Found Pasmarreem's Assorted Antiques.
 31889 | Elf:1    | Bought a scroll of teleportation for 120 gold pieces
 31895 | Elf:1    | Bought a scroll of enchant armour for 112 gold pieces
 31895 | Elf:1    | Bought a scroll of teleportation for 45 gold pieces
 31895 | Elf:1    | Bought a scroll of blinking for 112 gold pieces
 31895 | Elf:1    | Bought a scroll of magic mapping for 52 gold pieces
 32158 | Elf:1    | Received a gift from Okawaru
 32271 | Elf:1    | Received a gift from Okawaru
 32566 | Elf:1    | Received a gift from Okawaru
 33215 | Elf:2    | Reached XP level 18. HP: 159/189 MP: 20/20
 33298 | Elf:2    | Gained mutation: Scrolls take you a little longer to read.
                  | [a neqoxec]
 33454 | Elf:2    | Noticed Asterion
 33471 | Elf:2    | Killed Asterion
 33500 | Elf:2    | Found Segog's Jewellery Shop.
 33518 | Elf:2    | Bought an uncursed ring of see invisible for 210 gold
                  | pieces
 33526 | Elf:2    | Found Kyiteuni's Armour Shop.
 33559 | Elf:2    | Found Limekh's Antique Weapon Boutique.
 33576 | Elf:2    | Found a roughly hewn altar of Beogh.
 33651 | Elf:2    | Received a gift from Okawaru
 33836 | Elf:2    | Found a huge runed translucent gate.
 33836 | Elf:2    | Found a huge runed translucent gate.
 33836 | Elf:2    | Found a huge runed translucent gate.
 33837 | Elf:2    | Found a huge runed translucent gate.
 33848 | Elf:2    | Found a huge runed translucent gate.
 34961 | Elf:1    | Lost mutation: Scrolls take you a little longer to read.
                  | [potion of mutation]
 34961 | Elf:1    | Gained mutation: You are resistant to electric shocks.
                  | (rElec) [potion of mutation]
 34961 | Elf:1    | Gained mutation: You are surrounded by a mild repulsion
                  | field. (EV +2) [potion of mutation]
 34961 | Elf:1    | Gained mutation: Your spells are a little harder to cast,
                  | but a little more powerful. [potion of mutation]
 34961 | Elf:1    | Gained mutation: Your flesh is heat resistant. (rF+)
                  | [potion of mutation]
 35076 | Elf:3    | Entered Level 3 of the Elven Halls
 35263 | Elf:3    | Reached skill level 15 in Fighting
 35277 | Elf:3    | Reached skill level 15 in Shields
 35522 | Elf:3    | Received a gift from Okawaru
 35525 | Elf:3    | Got a shadowed robe {god gift}
 35526 | Elf:3    | Identified the +0 robe of Awe {rF+ Str+5} (Okawaru gifted
                  | it to you on level 3 of the Elven Halls)
 35869 | Elf:3    | Noticed Bai Suzhen
 35892 | Elf:3    | Killed Bai Suzhen
 36055 | Elf:3    | Identified the ring "Kiubautuzu" {rN++ Int+4 SInv}
 36059 | Elf:3    | Identified the cursed +1 flail of Dust {vorpal, rPois rF-
                  | MP+9 Dex+3}
 36207 | Elf:3    | Reached XP level 19. HP: 91/201 MP: 22/22
 36463 | Elf:3    | Identified the +7 mace of the Hall of Blades {holy, Stlth+}
 36591 | Elf:3    | Identified the cursed +1 broad axe of the End of Times
                  | {vamp, MP+9 Dex-4 Stlth+}
 37120 | Elf:3    | Identified the Tome of Good Luck and Dislocation
 37156 | Elf:3    | Got a faintly glowing dagger
 37169 | Elf:3    | Identified the Handbook of the Escort
 37188 | Elf:3    | Identified the +8 dagger of Zase {vorpal, rF++ SInv} (You
                  | found it on level 3 of the Elven Halls)
 37481 | Lair:4   | Upgraded the game from 0.25-a0-651-g8c222c7a2b to
                  | 0.25-a0-661-g55ea3d2053
 37485 | Shoals:1 | Entered Level 1 of the Shoals
 37684 | Shoals:1 | Noticed Roxanne
 37693 | Shoals:1 | Killed Roxanne
 38521 | Shoals:2 | Noticed Ilsuiw
 38549 | Shoals:2 | Cast into level 2 of the Abyss (merfolk impaler)
 38632 | Shoals:2 | Escaped the Abyss
 38643 | Shoals:2 | Received a gift from Okawaru
 38670 | Shoals:2 | Killed Ilsuiw
 39250 | Shoals:3 | Received a gift from Okawaru
 39377 | Shoals:3 | Noticed Donald
 39391 | Shoals:3 | Killed Donald
 39616 | Shoals:3 | Received a gift from Okawaru
 40236 | Shoals:4 | Entered Level 4 of the Shoals
 40316 | Shoals:4 | Reached skill level 19 in Unarmed Combat
 40548 | Shoals:4 | Received a gift from Okawaru
 40549 | Shoals:4 | Got a pitted hand crossbow {god gift}
 40569 | Shoals:4 | Identified the +11 hand crossbow of Ascent {speed, *Slow
                  | MR+ Dex+2} (Okawaru gifted it to you on level 4 of the
                  | Shoals)
 41424 | Shoals:4 | Got a barnacled rune of Zot
 41984 | Shoals:4 | Got a steaming ivory ring
 41985 | Shoals:4 | Identified the ring "Kiwkuoxkei" {rN+ Int+2 Stlth+} (You
                  | found it on level 4 of the Shoals)
 42607 | Shoals:4 | Received a gift from Okawaru
 42607 | Shoals:4 | Reached XP level 20. HP: 203/210 MP: 23/25
 42815 | Vaults:1 | Entered Level 1 of the Vaults
 44287 | Vaults:2 | Received a gift from Okawaru
 44786 | Vaults:2 | Found a huge runed gate.
 44786 | Vaults:2 | Found a huge runed gate.
 44786 | Vaults:2 | Found a huge runed gate.
 44786 | Vaults:2 | Found a huge runed gate.
 44786 | Vaults:2 | Found a huge runed gate.
 44786 | Vaults:2 | Found a huge runed gate.
 44786 | Vaults:2 | Found a huge runed gate.
 44787 | Vaults:2 | Found a huge runed gate.
 44787 | Vaults:2 | Found a huge runed gate.
 44787 | Vaults:2 | Found a huge runed gate.
 44793 | Vaults:2 | Found a huge runed gate.
 44793 | Vaults:2 | Found a huge runed gate.
 44793 | Vaults:2 | Found a huge runed gate.
 44793 | Vaults:2 | Found a huge runed gate.
 44793 | Vaults:2 | Found a huge runed gate.
 44793 | Vaults:2 | Found a huge runed gate.
 44793 | Vaults:2 | Found a huge runed gate.
 44794 | Vaults:2 | Found a huge runed gate.
 44795 | Vaults:2 | Found a huge runed gate.
 44802 | Vaults:2 | Noticed Vusucy's ghost (adept GrEE)
 44802 | Vaults:2 | Noticed Lofupn's ghost (adept SpEn)
 44802 | Vaults:2 | Noticed Owio's ghost (adept MiGl)
 44802 | Vaults:2 | Noticed Viusuagh's ghost (adept MiSk)
 44802 | Vaults:2 | Noticed Oqaxass's ghost (adept BaSu)
 44802 | Vaults:2 | Noticed Esootuin's ghost (adept HOMo)
 44802 | Vaults:2 | Noticed Vusucy's ghost (adept GrEE)
 44802 | Vaults:2 | Noticed Lofupn's ghost (adept SpEn)
 44802 | Vaults:2 | Noticed Viusuagh's ghost (adept MiSk)
 44811 | Vaults:2 | Killed Vusucy's ghost
 45090 | Vaults:2 | Killed Esootuin's ghost
 45194 | Vaults:2 | Killed Vusucy's ghost
 45316 | Vaults:2 | Killed Viusuagh's ghost
 45336 | Vaults:2 | Identified the Guide on Freezing Displacement
 45407 | Vaults:2 | Killed Viusuagh's ghost
 45413 | Vaults:2 | Killed Owio's ghost
 45413 | Vaults:2 | Reached skill level 20 in Unarmed Combat
 45481 | Vaults:2 | Killed Lofupn's ghost
 45610 | Vaults:2 | Received a gift from Okawaru
 45722 | Vaults:2 | Killed Oqaxass's ghost
 45728 | Vaults:2 | Received a gift from Okawaru
 45897 | Vaults:2 | Killed Lofupn's ghost
 45897 | Vaults:2 | Reached skill level 5 in Dodging
 46126 | Vaults:3 | Reached XP level 21. HP: 187/218 MP: 27/27
 46318 | Vaults:3 | Reached skill level 10 in Evocations
 46587 | Vaults:3 | Found Ecuchoyck's Antique Weapon Shop.
 46957 | Vaults:3 | Received a gift from Okawaru
 47009 | Vaults:3 | Received a gift from Okawaru
 47061 | Vaults:3 | Got a transparent robe {god gift}
 47062 | Vaults:3 | Identified the +4 robe of Okawaru's Regard {rC+ MR+ Dex-3}
                  | (Okawaru gifted it to you on level 3 of the Vaults)
 47529 | Vaults:3 | Reached skill level 15 in Armour
 47578 | Vaults:3 | Found a staircase to the Crypt.
 48489 | Vaults:4 | Received a gift from Okawaru
 48537 | Vaults:4 | Found Basosch's Food Shoppe.
 48606 | Vaults:4 | Reached skill level 10 in Dodging
 49173 | Vaults:4 | Reached XP level 22. HP: 227/227 MP: 28/28
 49427 | Depths:1 | Entered Level 1 of the Depths
 49427 | Depths:1 | Noticed a caustic shrike
 49441 | D:15     | Killed a caustic shrike
 49980 | Depths:1 | Received a gift from Okawaru
 50004 | Depths:1 | Found a magical portal.
 50854 | WizLab   | Received a gift from Okawaru
 50984 | WizLab   | Got a warped ivory ring
 50985 | WizLab   | Identified the ring of Cupayhi {*Slow +Blink EV+3 Stlth+}
                  | (You found it in a wizard's laboratory)
 51330 | Elf:1    | Bought a wand of paralysis (11) for 234 gold pieces
 51330 | Elf:1    | Bought a wand of iceblast (10) for 252 gold pieces
 51330 | Elf:1    | Bought a lightning rod (4/4) for 720 gold pieces
 51330 | Elf:1    | Bought a lamp of fire for 720 gold pieces
 51605 | Depths:1 | Found a gateway to Hell.
 51624 | Depths:1 | Found a runed translucent gate.
 51625 | Depths:1 | Found a runed translucent gate.
 51625 | Depths:1 | Found a runed translucent gate.
 51688 | Depths:1 | Received a gift from Okawaru
 51845 | Depths:1 | Noticed Byigapiw's ghost (legendary FoAK)
 51846 | Depths:1 | Noticed Guamud's ghost (veteran MiFi)
 52239 | Depths:2 | Paralysed by a floating eye for 3 turns
 52458 | Depths:1 | Received a gift from Okawaru
 52863 | Depths:2 | Found a portal to a secret trove of treasure.
 53017 | Depths:2 | Received a gift from Okawaru
 53582 | Depths:3 | Reached skill level 10 in Throwing
 53627 | Depths:3 | Reached XP level 23. HP: 211/235 MP: 29/29
 53800 | Depths:2 | Noticed a juggernaut
 53802 | Depths:2 | Noticed a caustic shrike
 53811 | Depths:2 | Killed a juggernaut
 53811 | Depths:2 | Received a gift from Okawaru
 53819 | Depths:2 | Killed a caustic shrike
 53824 | Depths:2 | Received a gift from Okawaru
 54216 | Depths:2 | Found a runed translucent door.
 54218 | Depths:2 | Found a runed translucent door.
 54235 | Depths:2 | Found a runed translucent door.
 54235 | Depths:2 | Found a runed translucent door.
 54318 | Depths:2 | Identified Gurieq's Catalogue of the Mutagenic Entourage
 54333 | Depths:2 | Identified Xininih's Grimoire of Boosting Contamination
 54342 | Depths:2 | Found the +10 tower shield of Ignorance {rN+ Int-4}
 54767 | Elf:2    | Bought an uncursed ring of protection from magic for 350
                  | gold pieces
 55797 | Depths:3 | Found a bloodstained altar of Trog.
 55875 | Depths:3 | Found a one-way gate leading to the halls of Pandemonium.
 56358 | Depths:4 | Found a one-way gate to the infinite horrors of the Abyss.
 56601 | Depths:4 | Received a gift from Okawaru
 56877 | Depths:4 | Found a gateway to a ziggurat.
 56880 | Depths:4 | Paralysed by a floating eye for 4 turns
 57223 | Depths:5 | Entered Level 5 of the Depths
 57789 | Depths:5 | Received a gift from Okawaru
 57861 | Depths:5 | Reached XP level 24. HP: 214/247 MP: 29/29
 57908 | Depths:5 | Noticed Saint Roka
 57935 | Depths:5 | Killed Saint Roka
 57943 | Depths:5 | Received a gift from Okawaru
 58427 | Depths:5 | Found a gate to the Realm of Zot.
 59392 | Crypt:1  | Entered Level 1 of the Crypt
 59451 | Crypt:1  | Reached skill level 21 in Unarmed Combat
 60451 | Crypt:2  | Identified the +4 ring mail "Jufarihe" {rF+ rC+ Int+2}
 61024 | Crypt:3  | Entered Level 3 of the Crypt
 61053 | Crypt:3  | Received a gift from Okawaru
 62540 | Crypt:3  | Found a staircase to the Tomb.
 62620 | Crypt:3  | Noticed Sojobo
 62631 | Crypt:3  | Killed Sojobo
 62631 | Crypt:3  | Received a gift from Okawaru
 62638 | Crypt:3  | Reached skill level 22 in Unarmed Combat
 62681 | Crypt:3  | Found an ancient bone altar of Kikubaaqudgha.
 62700 | Crypt:3  | Noticed an ancient lich
 62709 | Crypt:3  | Noticed an ancient lich
 62711 | Crypt:3  | Killed an ancient lich
 62711 | Crypt:3  | Reached XP level 25. HP: 254/261 MP: 23/29
 62714 | Crypt:3  | Found the +2 robe of Vines {NoPotionHeal Regen+7}
 62719 | Crypt:3  | Killed an ancient lich
 62719 | Crypt:3  | Received a gift from Okawaru
 62736 | Crypt:3  | Got a coiled bone ring
 62736 | Crypt:3  | Got a shimmering iron ring
 62736 | Crypt:3  | Got a heavily runed lapis lazuli ring
 62788 | Crypt:3  | Identified the ring "Besegol" {rPois rF- rN+ MR+ Int+2}
                  | (You found it on level 3 of the Crypt)
 62789 | Crypt:3  | Identified the ring of Kiahucle {rN+ MR+ Int-2 Slay+2} (You
                  | found it on level 3 of the Crypt)
 62790 | Crypt:3  | Identified the ring "Miosued" {rN+ Stlth+} (You found it on
                  | level 3 of the Crypt)
 63032 | Vaults:5 | Entered Level 5 of the Vaults
 63452 | Vaults:5 | Received a gift from Okawaru
 63735 | Vaults:5 | Reached skill level 23 in Unarmed Combat
 63755 | Vaults:5 | Received a gift from Okawaru
 63804 | Vaults:5 | Identified the Compendium of the Earthen Oath
 63871 | Vaults:5 | Got a silver rune of Zot
 63977 | Vaults:5 | Received a gift from Okawaru
 64235 | Vaults:5 | Received a gift from Okawaru
 64419 | Vaults:5 | Identified the Catalogue of Curses and the Escort
 64645 | Vaults:5 | Identified the +1 mace of Conformity {freeze, +Inv rC-
                  | rN+++ Str-5}
 64923 | Elf:1    | Bought 3 scrolls of torment for 337 gold pieces
 65075 | D:4      | Bought a scroll of silence for 105 gold pieces
 65075 | D:4      | Bought a scroll of enchant armour for 105 gold pieces
 65929 | Slime:1  | Entered Level 1 of the Pits of Slime
 65961 | Slime:2  | Gained mutation: You are frail. (-10% HP) [a shining eye]
 65963 | Slime:2  | Lost mutation: Your spells are a little harder to cast, but
                  | a little more powerful. [a shining eye]
 66205 | Slime:4  | Reached XP level 26. HP: 231/248 MP: 29/29
 66219 | Slime:5  | Entered Level 5 of the Pits of Slime
 66263 | Slime:5  | Splashed by an acid blob's acid

Levels and vault maps discovered:
D:1:      lemuel_arrival_lava_pool, layout_loops_corners, minmay_pentomino_s2
D:2:      layout_loops_ring, minmay_quantized, uniq_terence
D:3:      layout_basic, nicolae_overflow_hidden_temple,
          okawaru_metal_pillars_1_2
D:4:      layout_basic, ashenzari_altar_1, first_ration, serial_shops,
          shop_fountains, kennysheep_generic_room_8, uniq_robin,
          uniq_blork_the_orc, uniq_crazy_yiuf_cottage
D:5:      layout_basic, marbit_many_paths
D:6:      layout_loops_ring, kennysheep_mini, serial_undead, serial_undead_a,
          serial_undead_c, serial_undead_a, serial_undead_b,
          gup_sewer_entry_pipe, minmay_circle_x, uniq_maggie
D:7:      layout_cave_pools, minmay_temple_entry_nine_rooms,
          nicolae_ossuary_entry_monument
D:8:      layout_layer_cave, nicolae_tso_carved_into_rock,
          grunt_decor_mini_mirrors, minmay_fractal_squares_gapless_5
D:9:      layout_small_grid, lemuel_round_altar, nicolae_overflow_crystal_walls,
          erik_orc_3, basic_altar, hangedman_ranch [blue_anna_fruit_fields],
          lemuel_tele_altar
D:10:     layout_loops_ring
D:11:     layout_loops_ring, minmay_lair_entry_lava, basic_altar, serial_shops,
          shop, uniq_snorg
D:12:     kennysheep_kobold_lugonu_temple, layout_layer_cave,
          portal_ice_cave_entry_ice_beasts, solitary_fountain
D:13:     layout_gridville, skrybe_vaults_entry_preservation, basic_altar
D:14:     layout_roguey, lemuel_blue_sif_altar, serial_curves, eino_curves_01,
          eino_curves_01, minmay_guarded_unrand_skullcrusher, uniq_agnes
D:15:     hangedman_depths_entry_try_elsewhere_first, layout_cave_pods,
          minmay_misc_feat_x, minmay_checkerbox, uniq_josephine
Temple:   jpeg_temple_clearing
Lair:1:   layout_cave_pods, infiniplex_staircase_pool_2, uniq_sonja
Lair:2:   layout_cave_pods, gauntlet_entry_generic, minivault_11, pond
Lair:3:   layout_chaotic_city, guppyfry_snake_entry_island,
          nicolae_volcano_entry_vermiform
Lair:4:   layout_roguey, minmay_shoals_entry_centaurs
Lair:5:   layout_misc_corridors
Lair:6:   minmay_lair_end_frog_pond, layout_loops_ring, slime_altar_2,
          lemuel_fruit_tree
Shoals:1: layout_shoals, uniq_roxanne
Shoals:2: layout_shoals, st_sunken_huts, uniq_ilsuiw
Shoals:3: layout_shoals, uniq_donald
Shoals:4: shoals_end_grunt_ice, layout_shoals
Snake:1:  layout_gridlike, uniq_aizul
Snake:2:  layout_layer_cave, serial_shops, shop, st_stairs_6, grunt_megastairs_3
Snake:3:  layout_misc_corridors
Snake:4:  grunt_snake_rune_serpentine_throne, layout_cave_town
Slime:1:  layout_caves
Slime:2:  layout_caves
Slime:3:  layout_caves, basic_altar, cheibrodos_slime_lost_civilization_4
Slime:4:  layout_caves, basic_altar
Slime:5
Orc:1:    layout_diamond_mine, uniq_gastronok, uniq_jorgrun
Orc:2:    grunt_orc_gardens, layout_caves, grunt_orc_garden, grunt_orc_garden,
          grunt_orc_garden, grunt_orc_garden, serial_shops, shop, bloody_trog
Elf:1:    layout_onion_city, hangedman_elf_represent, minmay_shoptagon
Elf:2:    layout_geoelf_diagonals, serial_shops, nicolae_shop_window_shopping,
          shop, shop, special_room [special_room_orc], minivault_27,
          grunt_ministairs_14, uniq_asterion
Elf:3:    minmay_elf_hall_quartered_circle, layout_gridlike,
          serial_sigils_hangedman_gnaw, uniq_bai_suzhen
Vaults:1: nicolae_vaults_little_squares_3, nicolae_vaults_network_square,
          nicolae_vaults_yaktaur_gun_rack, hangedman_vaults_snaps,
          nicolae_vaults_network_star, v_misc_2,
          vaults_mumra_minichess_inversion, nicolae_vaults_specimen_jars,
          grunt_vaults_bifocal, ontoclasm_vaults_gateway, vaults_dpeg_diagonal,
          layout_vaults_big_room
Vaults:2: gammafunk_vaults_ghost_door_vault, ontoclasm_vaults_misaligned,
          vaults_room_pools, v_misc_19, vaults_room_fours,
          layout_vaults_omnigrid
Vaults:3: vaults_mumra_chevron_long, vaults_room_guarded_vault,
          nicolae_vaults_back_hallway, vaults_room_ringed_pool,
          vaults_mumra_hex, vaults_room_hallway, hangedman_vaults_maws,
          vaults_room_pool, minmay_crypt_entry_simple_box, v_misc_19,
          v_pattern_5, nicolae_vaults_asterisk, layout_vaults_ring,
          serial_shops, shop
Vaults:4: vaults_dpeg_doors, vaults_mumra_lcd, hangedman_vaults_trim,
          hangedman_vaults_pinch, hangedman_vaults_restitches,
          nicolae_vaults_circle_grid_a, v_misc_27, v_misc_9,
          vaults_mumra_hexcomb, vaults_dpeg_encased_lava,
          nicolae_vaults_little_squares_1, nicolae_vaults_gold_heap,
          layout_vaults_omnicross, serial_shops, nicolae_shop_window_shopping
Vaults:5
Crypt:1:  layout_regular_city, hex_medium, grunt_ministairs_10
Crypt:2:  layout_misc_corridors
Crypt:3:  quadcrypt_mu, uniq_sojobo
Depths:1: layout_gridville, gammafunk_ghost_cemetery, hangedman_coc_ice_floe,
          infiniplex_enter_wizlab_water, chequers_serial_rivers_micro_e,
          hangedman_abyss_or_decor_passed, minmay_misc_feat_pillars,
          chequers_serial_rivers_micro_a, st_stairs_8, evilmike_ambush
          [evilmike_ambush_outer_basic, evilmike_ambush_inner_wall_1]
Depths:2: impenetrable_vault, layout_cave_shapes, nicolae_trove_entry_columns,
          pf_hell_entry_tar_river, infiniplex_staircase_star
Depths:3: minmay_quarter_circles, layout_gridlike, rand_demon_pan_entry_1,
          hell_entry, kennysheep_flooded_box, st_stairs_8
Depths:4: minmay_the_grid_four_pointed_star_mashed
          [minmay_the_grid_triangle_9x9_sparse_checkered,
          minmay_the_grid_triangle_9x9_longest,
          minmay_the_grid_triangle_9x9_empty,
          minmay_the_grid_triangle_9x9_steps,
          minmay_the_grid_prize_four_corners_diamond_b], layout_cave_pools,
          enter_ziggurat_c, hangedman_abyss_or_decor_stagger, abyss_entry,
          grunt_metal_band, kennysheep_generic_room_15, uniq_margery
Depths:5: grunt_zot_entry_gee_three, layout_basic, hell_entry,
          hangedman_abyss_entry_splay, nicolae_two_hexagons,
          chequers_serial_rivers_marsh, serial_bayou_shore_b,
          serial_bayou_shore_b, uniq_saint_roka

Skill      XL: |  1  2  3  4  5  6  7  8  9 10 11 12 13 14 15 16 17 18 19 20 21 22 23 24 25 |
---------------+----------------------------------------------------------------------------+-----
Unarmed Combat | 4 5 8 10 11 13 14 15 16 17 18 19 20 22 23 | 23.6
Stealth        | 2 |  2.4
Throwing       | 1 2 5 6 7 10 11 | 11.0
Invocations    | 1 2 4 5 8 9 |  9.0
Evocations     | 1 2 4 5 8 9 10 | 10.0
Armour         | 1 3 7 10 12 13 15 16 | 16.0
Fighting       | 4 7 9 10 11 12 14 15 17 18 | 18.9
Dodging        | 4 5 10 11 13 | 13.0
Shields        | 1 7 9 11 12 13 15 | 15.0

Action                   |  1- 3 |  4- 6 |  7- 9 | 10-12 | 13-15 | 16-18 | 19-21 | 22-24 | 25-27 || total
-------------------------+-------+-------+-------+-------+-------+-------+-------+-------+-------++-------
Melee: Unarmed           |    75 |   112 |   357 |   611 |  1111 |  1581 |  1934 |  2241 |   554 ||  8576
       Punch             |       |     3 |    11 |    52 |       |       |       |       |       ||    66
Throw: Dart              |       |     4 |       |    10 |       |       |       |       |       ||    14
       Javelin           |       |       |     6 |    12 |       |       |       |       |       ||    18
       Large rock        |       |       |       |    24 |    23 |    25 |    10 |     3 |       ||    85
       Throwing net      |       |       |       |     1 |     2 |       |       |     4 |       ||     7
Invok: Heroism           |       |     2 |     3 |     3 |     2 |     8 |     5 |     6 |     3 ||    32
       Finesse           |       |       |       |     1 |       |     4 |     2 |     1 |     3 ||    11
 Abil: Evoke Flight      |       |       |       |       |       |       |    18 |       |       ||    18
Evoke: Wand              |     5 |     1 |       |     1 |     9 |    15 |    18 |       |       ||    49
       Sack of spiders   |       |       |       |       |       |       |     3 |       |       ||     3
  Use: Scroll            |       |     7 |    16 |    10 |    18 |    16 |     7 |     9 |     3 ||    86
       Potion            |       |       |       |     3 |     3 |     4 |    10 |     2 |     1 ||    23
 Stab: Sleeping          |     6 |     3 |     3 |     6 |     2 |     2 |     4 |       |       ||    26
       Held in net/web   |       |       |       |       |     7 |       |     1 |     1 |       ||     9
       Distracted        |       |       |       |       |     1 |     2 |       |       |       ||     3
       Paralysed         |       |       |       |       |       |     1 |     3 |       |       ||     4
       Invisible         |       |       |       |       |       |     4 |     4 |       |       ||     8
  Eat: Chunk             |    17 |    18 |    31 |    78 |    78 |   112 |   121 |    90 |    21 ||   566
       Ration            |       |       |       |     2 |     2 |     2 |       |     8 |     4 ||    18
Armor: Robe              |    39 |    53 |    34 |       |       |       |       |       |       ||   126
       Acid dragon scale |       |       |   101 |   266 |    46 |       |       |       |       ||   413
       Troll leather arm |       |       |       |       |   197 |       |       |       |       ||   197
       Shadow dragon sca |       |       |       |       |   175 |       |       |       |       ||   175
       Quicksilver drago |       |       |       |       |     4 |   292 |   366 |   137 |       ||   799
       Gold dragon scale |       |       |       |       |       |       |       |   263 |    91 ||   354
Dodge: Dodged            |    51 |    63 |   135 |   279 |   302 |   223 |   390 |   437 |   107 ||  1987
Block: Other             |       |       |       |    19 |       |       |       |       |       ||    19
       Kite shield       |       |       |       |    10 |   399 |       |       |       |       ||   409
       Reflection        |       |       |       |     1 |   119 |   124 |   148 |    95 |    38 ||   525
       Tower shield      |       |       |       |       |   669 |  1675 |  1934 |  2210 |   528 ||  7016

Table legend:
 A = Non-vault XP
 B = Vault XP
 C = Vault XP percentage of total XP
 D = Non-vault monster count
 E = Vault monster count
 F = Vault count percentage of total count
                 A         B        C        D         E       F
            +---------+---------+-------+---------+---------+-------
      Total |  624409 |  699639 |  52.8 |    1379 |     904 |  39.6
            +---------+---------+-------+---------+---------+-------
        D:1 |      35 |       3 |   7.9 |      20 |       2 |   9.1
        D:2 |      53 |      46 |  46.5 |      17 |       7 |  29.2
        D:3 |      22 |      27 |  55.1 |      11 |       8 |  42.1
        D:4 |     457 |     147 |  24.3 |      16 |       7 |  30.4
        D:5 |     409 |      33 |   7.5 |      12 |       1 |   7.7
        D:6 |    1036 |     852 |  45.1 |      16 |      17 |  51.5
        D:7 |    1528 |       0 |   0.0 |      28 |       0 |   0.0
        D:8 |    1450 |     260 |  15.2 |      24 |       5 |  17.2
        D:9 |    2234 |    2815 |  55.8 |      19 |      28 |  59.6
       D:10 |    3629 |       0 |   0.0 |      23 |       0 |   0.0
       D:11 |    4988 |    2193 |  30.5 |      31 |       2 |   6.1
       D:12 |    5968 |    2166 |  26.6 |      28 |      11 |  28.2
       D:13 |    5799 |    5939 |  50.6 |      31 |      10 |  24.4
       D:14 |    9068 |    9167 |  50.3 |      35 |      25 |  41.7
       D:15 |   19379 |   30093 |  60.8 |      59 |      30 |  33.7
     Lair:1 |    2983 |     592 |  16.6 |      17 |       1 |   5.6
     Lair:2 |    5130 |     384 |   7.0 |      22 |       5 |  18.5
     Lair:3 |    5379 |     962 |  15.2 |      21 |       3 |  12.5
     Lair:4 |    3618 |     218 |   5.7 |      11 |       2 |  15.4
     Lair:5 |    8099 |    2458 |  23.3 |      28 |       9 |  24.3
     Lair:6 |    6828 |   12019 |  63.8 |      28 |      40 |  58.8
   Shoals:1 |    6793 |    2029 |  23.0 |      14 |       1 |   6.7
   Shoals:2 |    5881 |   10233 |  63.5 |      16 |      14 |  46.7
   Shoals:3 |   13918 |    3289 |  19.1 |      30 |       3 |   9.1
   Shoals:4 |   14437 |   21621 |  60.0 |      28 |      33 |  54.1
    Snake:1 |    7091 |    1595 |  18.4 |      14 |       1 |   6.7
    Snake:2 |    8655 |    3522 |  28.9 |      17 |       2 |  10.5
    Snake:3 |   17593 |       0 |   0.0 |      30 |       0 |   0.0
    Snake:4 |   17921 |   47004 |  72.4 |      33 |      63 |  65.6
    Slime:1 |    6196 |       0 |   0.0 |       9 |       0 |   0.0
    Slime:2 |    5183 |       0 |   0.0 |       4 |       0 |   0.0
    Slime:3 |    2401 |       0 |   0.0 |       8 |       0 |   0.0
    Slime:4 |    3425 |       0 |   0.0 |       5 |       0 |   0.0
    Slime:5 |    3400 |    2412 |  41.5 |       5 |       1 |  16.7
      Orc:1 |    3534 |    6165 |  63.6 |      30 |       5 |  14.3
      Orc:2 |    4086 |    9876 |  70.7 |      29 |      24 |  45.3
      Elf:1 |   15425 |    6788 |  30.6 |      23 |       9 |  28.1
      Elf:2 |   16856 |   35101 |  67.6 |      30 |      52 |  63.4
      Elf:3 |    7334 |   48166 |  86.8 |      13 |      31 |  70.5
   Vaults:1 |   17418 |   15633 |  47.3 |      36 |      24 |  40.0
   Vaults:2 |   36211 |   35693 |  49.6 |      60 |      16 |  21.1
   Vaults:3 |   45388 |   34551 |  43.2 |      73 |      38 |  34.2
   Vaults:4 |   45353 |   29243 |  39.2 |      74 |      31 |  29.5
   Vaults:5 |   28013 |   80424 |  74.2 |      33 |      54 |  62.1
    Crypt:1 |   18516 |     954 |   4.9 |      31 |       2 |   6.1
    Crypt:2 |   32777 |       0 |   0.0 |      46 |       0 |   0.0
    Crypt:3 |       0 |   79005 | 100.0 |       0 |      78 | 100.0
   Depths:1 |   34885 |    9633 |  21.6 |      46 |      11 |  19.3
   Depths:2 |   28253 |   29090 |  50.7 |      37 |      11 |  22.9
   Depths:3 |   26555 |   29682 |  52.8 |      34 |      31 |  47.7
   Depths:4 |   21646 |   21013 |  49.3 |      28 |      22 |  44.0
   Depths:5 |   41173 |   36156 |  46.8 |      46 |      27 |  37.0
      Sewer |       0 |     287 | 100.0 |       0 |      18 | 100.0
    Ossuary |       0 |     154 | 100.0 |       0 |      16 | 100.0
      IceCv |       0 |   13286 | 100.0 |       0 |      50 | 100.0
     WizLab |       0 |   14338 | 100.0 |       0 |      18 | 100.0
   Gauntlet |       0 |    2322 | 100.0 |       0 |       5 | 100.0
            +---------+---------+-------+---------+---------+-------
